 Dungeon Crawl Stone Soup version 0.30-a0-879-ga8ba668304 (webtiles) character file.

Game seed: 3744994452743780539

1004 Racksonjoss101 the Conjurer (level 8, -28/42 HPs)
             Began as a Deep Elf Conjurer on Mar 13, 2023.
             Was an Initiate of Ashenzari.
             Annihilated by a two-headed ogre
             ... wielding a +0 giant spiked club
              (35 damage)
             ... on level 6 of the Dungeon.
             The game lasted 00:43:23 (5440 turns).

Racksonjoss101 the Conjurer (Deep Elf Conjurer)     Turns: 5440, Time: 00:43:24

Health: -28/42     AC:  9    Str:  4    XL:     8   Next: 0%
Magic:  27/30      EV: 13    Int: 26    God:    Ashenzari [......]
Gold:   479        SH:  0    Dex: 13    Spells: 8/21 levels left

rFire   . . .      SeeInvis .    n - staff of conjuration
rCold   . . .      Faith    .    (no shield)
rNeg    . . .      Spirit   .    a - +0 robe
rPois   .          Reflect  .    (no helmet)
rElec   .          Rampage  .    I - +0 cloak
rCorr   .                        J - +1 pair of gloves
Will    .....                    (no boots)
Stlth   +++                      p - amulet of magic regeneration
HPRegen 0.27/turn                v - +4 ring of protection
MPRegen 0.62/turn                q - ring of magical power

@: no status effects
A: no striking features
a: Renounce Religion


You were on level 6 of the Dungeon.
You worshipped Ashenzari.
Ashenzari was noncommittal.
You visited 1 branch of the dungeon, and saw 6 of its levels.

You collected 550 gold pieces.
You paid 71 gold pieces to Gozag.

Inventory:

Hand Weapons
 f - a +1 dagger of venom
 l - a +1 dagger of draining
 o - a +1 dagger of freezing
 w - a +0 scimitar
 B - a +0 dagger of venom
 M - a +0 flail
 R - a +0 arbalest
Missiles
 k - 41 stones
 t - 6 silver javelins
Armour
 a - a +0 robe (worn)
 c - a +0 ring mail
 D - a +2 buckler
 I - a +0 cloak (worn)
 J - a +1 pair of gloves (worn)
 K - a scarf of shadows
 N - an orb of energy
Magical Staves
 d - a staff of air
 n - a staff of conjuration (weapon)
 y - a staff of earth
Jewellery
 p - an amulet of magic regeneration (around neck)
 q - a ring of magical power (right hand)
 r - a ring of resist corrosion
 v - a +4 ring of protection (left hand)
 E - a +6 ring of dexterity
 Q - a ring of positive energy
Wands
 s - a wand of mindburst (6)
 x - a wand of light (11)
 O - a wand of charming (10)
Scrolls
 z - 2 scrolls of amnesia
 C - a scroll of butterflies
 G - a scroll of immolation {unknown}
 H - a scroll of teleportation {unknown}
 L - a scroll of enchant weapon {unknown}
 P - a scroll of fear
Potions
 b - a potion of magic
 e - 4 potions of flight
 g - a potion of heal wounds
 h - 3 potions of might
 i - a potion of lignification {unknown}
 j - 4 potions of curing
 m - a potion of haste {unknown}
 u - 2 potions of cancellation {unknown}
 A - a potion of attraction {unknown}


   Skills:
 + Level 0.6 Fighting
 + Level 0.5 Staves
 + Level 4.1 Dodging
 + Level 4.1 Stealth
 + Level 7.4 Spellcasting
 + Level 7.5 Conjurations
 + Level 1.4 Translocations
 + Level 1.9 Earth Magic
 + Level 1.2 Evocations


You had 8 spell levels left.
You knew the following spells:

 Your Spells              Type           Power      Damage    Failure   Level
a - Magic Dart            Conj           100%       1d8       1%          1
b - Iskenderun's Mystic   Conj/Tloc      49%        2d11      10%         4
c - Lightning Bolt        Conj/Air       21%        1d36      34%         5
d - Stone Arrow           Conj/Erth      100%       3d13      2%          3

Your spell library contained the following spells:

 Spells                   Type           Power      Damage    Failure   Level
 Shock                    Conj/Air       100%       1d9       1%          1
 Momentum Strike          Conj/Tloc      98%        3d10      1%          2
 Searing Ray              Conj           100%       2d8       1%          2
 Static Discharge         Conj/Air       86%        2-6/arc   1%          2
 Sandblast                Erth           40%        2d10      2%          1
 Apportation              Tloc           34%        N/A       3%          1
 Dazzling Flash           Conj/Hex       86%        N/A       3%          3
 Blink                    Tloc           34%        N/A       4%          2
 Lesser Beckoning         Tloc           34%        N/A       4%          2
 Beastly Appendage        Tmut           18%        N/A       6%          1
 Passwall                 Tmut/Erth      11%        N/A       6%          2
 Sublimation of Blood     Necr           9%         N/A       9%          2
 Wereblood                Tmut           9%         N/A       9%          2
 Vhi's Electric Charge    Tloc/Air       26%        N/A       13%         3
 Fulminant Prism          Conj/Hex       21%        3d12      13%         4
 Spider Form              Tmut/Pois      9%         N/A       19%         3
 Swiftness                Air            9%         N/A       19%         3
 Arcjolt                  Conj/Air       21%        1d31      34%         5
 Irradiate                Conj/Tmut      21%        3d18      34%         5
 Petrify                  Tmut/Erth      14%        N/A       36%         4
 Airstrike                Air            4%         2d(1-17)  52%         4
 Alistair's Intoxication  Tmut/Pois      6%         N/A       86%         5


Dungeon Overview and Level Annotations

Branches:
Dungeon (6/15)
 Temple: D:4-7

Altars:
Ashenzari
Fedhas
Gozag
Hepliaklqana
Nemelex Xobeh
Wu Jian
The Shining One

Shops:
D:1 (


Message History

Casting: Stone Arrow (dangerous; 2% risk of failure)
Confirm with . or Enter, or press ? or * to list all spells.
Aiming: Stone Arrow (dangerous; 2% risk of failure)
Press: ? - help, Shift-Dir - straight line, f - adder
Aim: an adder (60% to hit)
You feel a surge of power!
The stone arrow hits the adder!
You kill the adder!
You have reached level 8!
You feel clever.
You open the door.
A two-headed ogre comes into view.
It is wielding a +0 giant spiked club and a +0 giant club.
Gozag incites the two-headed ogre against you.
The two-headed ogre shouts in stereo!
The two-headed ogre goes berserk!
Found three items.
Aiming: Mindburst
Press: ? - help, Shift-Dir - straight line, f - two-headed ogre
Aim: a two-headed ogre, wielding a +0 giant spiked club and a +0 giant club (berserk, incited by Gozag, chance to affect: 52%)
Okay, then.
Aiming: Mindburst
Press: ? - help, Shift-Dir - straight line, f - two-headed ogre
Aim: a two-headed ogre, wielding a +0 giant spiked club and a +0 giant club (berserk, incited by Gozag, chance to affect: 52%)
The two-headed ogre resists with significant effort.
Aiming: Mindburst
Press: ? - help, Shift-Dir - straight line, f/p - two-headed ogre
Aim: a two-headed ogre, wielding a +0 giant spiked club and a +0 giant club (berserk, incited by Gozag, chance to affect: 52%)
The two-headed ogre resists with significant effort.
The two-headed ogre hits you with a +0 giant spiked club!!
Ouch! That really hurt!
The two-headed ogre hits you with a +0 giant club.
You feel much better. The two-headed ogre barely misses you.
The two-headed ogre hits you with a +0 giant club!!
Ouch! That really hurt!
* * * LOW HITPOINT WARNING * * *
Unknown command.
As you read the scroll labelled AFFOASY RIUSAARPHU, it crumbles to dust.
The scroll dissolves into smoke.
It was a scroll of fog.
The two-headed ogre hits you with a +0 giant spiked club!!
Ouch! That really hurt!
You die...

###############
#.............###
#....†#######...#
#.....# ...####.#
#...§§#....!#
#.######
+..8§@O....)#
#...#...
#...§§#....?#
###.#.## #...§§#
...## #...##
###+### ###
#.###⌠ #..# #.
#.## #. #.# #. ..
## ...


You could see a two-headed ogre (berserk, incited).

Vanquished Creatures
  A water moccasin (D:6)
  An orc warrior (D:5)
  An ice beast (D:5)
  An ogre (D:5)
  A scorpion (D:6)
  A howler monkey (D:6)
  3 hounds
  A jelly (D:4)
  A gnoll bouda (D:5)
  4 iguanas
  2 orc wizards (D:5)
  5 gnolls (D:5)
  6 adders
  A shadow imp (D:5)
  2 worms
  3 dart slugs
  17 orcs
  12 ball pythons
  3 bats
  6 endoplasms
  3 giant cockroaches
  8 hobgoblins
  5 jackals
  5 frilled lizards
  4 goblins
  6 kobolds
  10 rats
113 creatures vanquished.

Vanquished Creatures (others)
  6 fungi (D:1)
  5 plants
11 creatures vanquished.

Grand Total: 124 creatures vanquished

Notes
Turn   | Place    | Note
-------+----------+-------------------------------------------
     0 | D:1      | Racksonjoss101 the Deep Elf Conjurer began the quest for
                  | the Orb.
     0 | D:1      | Reached XP level 1. HP: 10/10 MP: 6/6
   390 | D:1      | Found Xaigia's Antique Weapon Shop.
   451 | D:1      | Reached XP level 2. HP: 12/15 MP: 6/8
   613 | D:1      | Reached skill level 5 in Conjurations
   676 | D:1      | Found a faded altar of an unknown god.
  1313 | D:2      | Reached XP level 3. HP: 16/19 MP: 6/9
  1907 | D:3      | Reached XP level 4. HP: 24/24 MP: 9/11
  2745 | D:4      | Reached XP level 5. HP: 28/28 MP: 13/13
  2748 | D:4      | Found a sparkling altar of Nemelex Xobeh.
  2817 | D:4      | Found a glowing golden altar of the Shining One.
  2846 | D:4      | Found a hazy altar of Hepliaklqana.
  2908 | D:4      | Learned a level 4 spell: Iskenderun's Mystic Blast
  3197 | D:4      | Found an opulent altar of Gozag.
  3227 | D:4      | Became a worshipper of Gozag Ym Sagoz the Greedy
  3704 | D:5      | Entered Level 5 of the Dungeon
  3831 | D:5      | Reached skill level 5 in Spellcasting
  3833 | D:5      | Reached XP level 6. HP: 28/33 MP: 15/15
  3843 | D:5      | Noticed an ice beast
  3854 | D:5      | Noticed an orc warrior
  3856 | D:5      | Killed an ice beast
  3887 | D:5      | Killed an orc warrior
  3939 | D:5      | Learned a level 5 spell: Lightning Bolt
  4005 | D:5      | Noticed an orc warrior
  4036 | D:5      | Learned a level 3 spell: Stone Arrow
  4082 | D:5      | Reached XP level 7. HP: 37/37 MP: 18/18
  4478 | D:5      | Reached skill level 1 in Earth Magic
  4673 | D:5      | Reached skill level 1 in Translocations
  4734 | D:5      | Found an ornate altar of the Wu Jian Council.
  5228 | D:6      | Fell from the grace of Gozag
  5265 | D:6      | Reached skill level 1 in Evocations
  5289 | D:6      | Found a blossoming altar of Fedhas.
  5385 | D:6      | Found a broken altar of Ashenzari.
  5395 | D:6      | Became a worshipper of Ashenzari the Shackled
  5433 | D:6      | Reached XP level 8. HP: 42/42 MP: 21/21
  5436 | D:6      | Noticed a two-headed ogre
  5440 | D:6      | Annihilated by a two-headed ogre

Illustrated notes

Levels and vault maps discovered:
D:1:      dpeg_arrival_water_fire, layout_loops_ring,
          hellmonk_ecumenical_altar_lost_god, serial_shops, shop,
          minmay_pentomino_t4
D:2:      layout_basic
D:3:      layout_basic, hangedman_abyss_or_decor_lesser_grid
D:4:      layout_basic, nicolae_gozag_seed_capital, mainiacjoe_overflow_catwalk,
          kennysheep_mini_moat, mainiacjoe_overflow_tiny_flanked
D:5:      layout_gridville, nzn_wu_jian_council_hall
D:6:      layout_rooms, mainiacjoe_overflow_alcove_2, fedhas_altar_1,
          nicolae_overflow_squiral, minmay_three_doors, uniq_edmund

Skill      XL: |  1  2  3  4  5  6  7 |
---------------+----------------------+-----
Conjurations   | 5 6 7 |  7.5
Stealth        | 3 4 |  4.1
Spellcasting   | 4 5 6 7 |  7.4
Dodging        | 3 4 |  4.1
Earth Magic    | 1 |  1.9
Translocations | 1 |  1.4
Evocations     | 1 |  1.2
Fighting       | |  0.6
Staves         | |  0.5

Action                     |  1- 3 |  4- 6 |  7- 9 || total
---------------------------+-------+-------+-------++-------
  Melee: Staff             |    30 |     4 |     4 ||    38
         Punch             |       |       |     1 ||     1
   Cast: Magic Dart        |    77 |   119 |    17 ||   213
         Iskenderun's Myst |       |     7 |     2 ||     9
         Stone Arrow       |       |     1 |    19 ||    20
 Invoke: Renounce Religion |       |       |     1 ||     1
  Evoke: Wand              |       |     2 |     2 ||     4
    Use: Scroll            |     5 |     7 |     1 ||    13
         Potion            |     1 |     4 |     1 ||     6
 Armour: Robe              |     5 |    12 |     6 ||    23
  Dodge: Dodged            |    21 |    42 |    16 ||    79

Table legend: (Time is in decaauts)
 A = Elapsed time spent in this place.
 B = Non-inter-level travel time spent in this place.
 C = Inter-level travel time spent in this place.
 D = Time resting spent in this place.
 E = Time spent auto-exploring this place.
 F = Levels seen in this place.
 G = Mean time per level.
                   A        B        C        D        E       F      G
               +--------+--------+--------+--------+--------+-----+--------+
         Total |   5451 |   5175 |    276 |    174 |      0 |   6 |  908.5 |
       Dungeon |   5451 |   5175 |    276 |    174 |      0 |   6 |  908.5 |
               +--------+--------+--------+--------+--------+-----+--------+

Top non-repeatable levels by time:
     D:5: 1522 daAuts
     D:1: 1217 daAuts
     D:4: 991 daAuts
     D:3: 847 daAuts
     D:2: 657 daAuts
     D:6: 214 daAuts
